 Dungeon Crawl Stone Soup version 0.31-a0-321-g19405a7a6a (webtiles) character file.

Game seed: 17547732476718595476

130 HallandMoats the Trooper (level 4, -2/37 HPs)
             Began as a Mummy Monk on July 17, 2023.
             Slain by Crazy Yiuf
             ... wielding a +3 quarterstaff of chaos
              (8 damage)
             ... on level 3 of the Dungeon on July 18, 2023.
             The game lasted 00:03:45 (1942 turns).

HallandMoats the Trooper (Mummy Monk)               Turns: 1942, Time: 00:03:45

Health: -2/37      AC: 11    Str: 16    XL:     4   Next: 89%
Magic:  2/4        EV:  5    Int:  9    God:
Gold:   166        SH:  0    Dex: 14    Spells: 3/3 levels left

rFire   x . .        a - +0 hand axe
rCold   + . .        c - orb {light}
rNeg    + + +        i - +0 plate armour
rPois   ∞            (no helmet)
rElec   .            (no cloak)
rCorr   .            j - +0 pair of gloves
SInv    .            (no boots)
Will    .....        (no amulet) Stlth
                     (no ring)
HPRegen 0.26/turn    (no ring)
MPRegen 0.09/turn

%: faith
@: slowed, glowing, very slow
A: cold resistance 1, negative energy resistance 3, torment resistance 2, heat
vulnerability 1, in touch with death 1, no potions, faith
a: no special abilities


You were on level 3 of the Dungeon.
You visited 1 branch of the dungeon, and saw 3 of its levels.

You collected 166 gold pieces.

Inventory:

Hand Weapons
 a - a +0 hand axe (weapon)
Armour
 c - an orb of light (worn)
 i - a +0 plate armour (worn)
 j - a +0 pair of gloves (worn)
Jewellery
 b - a ring of ice
Scrolls
 d - a scroll of identify
 e - a scroll of fear
 f - a scroll of silence {unknown}
 g - a scroll of fog {unknown}
 h - a scroll of teleportation {unknown}
 k - a scroll of enchant weapon {unknown}


   Skills:
 * Level 4.1 Fighting
 * Level 3.3 Axes
 + Level 1.0 Armour
 + Level 2.9 Dodging


You had 3 spell levels left.
You didn't know any spells.
Your spell library contained the following spells:

 Spells                   Type           Power      Damage    Failure   Level
 Fireball                 Conj/Fire      0%         3d3       100%        5
 Iskenderun's Battlesphe  Conj           0%         2d6       100%        5
 Conjure Ball Lightning   Conj/Air       0%         3x3d6     100%        6
 Orb of Destruction       Conj           0%         9d5       100%        7


Dungeon Overview and Level Annotations

Branches:
Dungeon (3/15)

Altars:

Annotations:
D:3 Crazy Yiuf


Innate Abilities, Weirdness & Mutations

You are immune to poison.
Your flesh is cold resistant. (rC+)
You are immune to negative energy. (rN+++)
You are immune to unholy pain and torment.
You are vulnerable to heat. (rF-)
You are in touch with the powers of death.
You do not drink.
You have a special connection with the divine. (Faith)


Message History

Can't find anything matching that.
Unknown command.
As you read the scroll labelled EPNO ZOWUE, it crumbles to dust.
It is a scroll of identify.
e - a scroll of fear You open the door.
Crazy Yiuf cries, "Cake!
Proton childish leg."
You hit Crazy Yiuf.
Crazy Yiuf is moderately wounded.
Crazy Yiuf hits you but does no damage.
You hit Crazy Yiuf.
Crazy Yiuf is heavily wounded.
Crazy Yiuf hits you with a +3 quarterstaff of chaos!
You feel your power leaking away.
You hit Crazy Yiuf but do no damage.
Crazy Yiuf is heavily wounded.
Crazy Yiuf closely misses you.
You hit Crazy Yiuf but do no damage.
Crazy Yiuf is heavily wounded.
Crazy Yiuf laughs, "Fire verde leg!"
Crazy Yiuf hits you with a +3 quarterstaff of chaos!
Crazy Yiuf burns you.
You slash Crazy Yiuf!
Crazy Yiuf is almost dead.
Crazy Yiuf hits you with a +3 quarterstaff of chaos.
You feel yourself slow down.
You barely miss Crazy Yiuf.
Crazy Yiuf is almost dead.
Crazy Yiuf hits you with a +3 quarterstaff of chaos.
* * * LOW HITPOINT WARNING * * *
Crazy Yiuf freezes you.
* * * LOW HITPOINT WARNING * * *
Crazy Yiuf hits you with a +3 quarterstaff of chaos.
* * * LOW HITPOINT WARNING * * *
You easily resist.
You hit Crazy Yiuf.
Crazy Yiuf is almost dead.
Crazy Yiuf yells, "Mugger pontify noodlescoop!"
Crazy Yiuf hits you with a +3 quarterstaff of chaos!
You die...

#### ### #..# #.#
####.## #.## #.)..#
##### #..###.####
#)..# #...##.#
#...# #.#....#####
... .<......[..#
#g# ###########
...........# #@##
#[..#.....##
...........# ##.#
#..........#
...........# #.##
#...........
...........# ##.#
#...........
.....[.....# ##.##
#.).........
...........# ##...#
#...........
...........# #....#
#...........
.....#.....# #....#
#.........(.
####.##....##
#....###>.........#


You could see Crazy Yiuf.

Vanquished Creatures
  6 adders
  4 dart slugs
  2 orcs (D:3)
  5 ball pythons
  8 bats
  8 endoplasms
  2 giant cockroaches
  5 goblins
  8 hobgoblins
  7 kobolds
  2 quokkas (D:2)
  3 frilled lizards (D:3)
  6 rats
66 creatures vanquished.

Notes
Turn   | Place    | Note
-------+----------+-------------------------------------------
     0 | D:1      | HallandMoats the Mummy Monk began the quest for the Orb.
     0 | D:1      | Reached XP level 1. HP: 18/18 MP: 1/1
   117 | D:1      | Reached XP level 2. HP: 24/24 MP: 2/2
   934 | D:2      | Gained mutation: You are in touch with the powers of death.
                  | [Mummy growth]
   934 | D:2      | Reached XP level 3. HP: 26/29 MP: 3/3
  1270 | D:2      | Reached XP level 4. HP: 37/37 MP: 4/4
  1461 | D:3      | Reached skill level 4 in Fighting
  1461 | D:3      | Reached skill level 1 in Armour
  1787 | D:3      | Found a runed translucent door.
  1788 | D:3      | Noticed Crazy Yiuf
  1942 | D:3      | Slain by Crazy Yiuf

Illustrated notes

Levels and vault maps discovered:
D:1:      dpeg_arrival_connections, layout_loops_ring, kennysheep_crisscross,
          minmay_pentomino_s2
D:2:      layout_basic
D:3:      layout_rooms, minmay_pentomino_pile, uniq_crazy_yiuf_cottage

Skill      XL: |  1  2  3  4 |
---------------+-------------+-----
Axes           | 3 |  3.3
Fighting       | 4 |  4.1
Armour         | 1 |  1.0
Dodging        | |  2.9

Action                     |  1- 3 |  4- 6 || total
---------------------------+-------+-------++-------
  Melee: Hand axe          |    91 |    84 ||   175
    Use: Scroll            |       |     1 ||     1
 Armour: Plate armour      |    53 |    50 ||   103
         Robe              |     1 |       ||     1
  Dodge: Dodged            |    49 |    16 ||    65

Table legend: (Time is in decaauts)
 A = Elapsed time spent in this place.
 B = Non-inter-level travel time spent in this place.
 C = Inter-level travel time spent in this place.
 D = Time resting spent in this place.
 E = Time spent auto-exploring this place.
 F = Levels seen in this place.
 G = Mean time per level.
                   A        B        C        D        E       F      G
               +--------+--------+--------+--------+--------+-----+--------+
         Total |   1969 |   1879 |     90 |      0 |   1356 |   3 |  656.3 |
       Dungeon |   1969 |   1879 |     90 |      0 |   1356 |   3 |  656.3 |
               +--------+--------+--------+--------+--------+-----+--------+

Top non-repeatable levels by time:
     D:1: 878 daAuts
     D:3: 555 daAuts
     D:2: 534 daAuts
